 Dungeon Crawl Stone Soup version 0.21.1-1-g345015f (console) character file.

292 fly the Magician (level 6, -2/51 HPs)
             Began as a Draconian Transmuter on May 5, 2018.
             Slain by Menkaure (13 damage)
             ... on level 4 of the Dungeon.
             The game lasted 00:07:07 (3224 turns).

fly the Magician (Draconian Transmuter)             Turns: 3224, Time: 00:07:07

Health: -2/51      AC: 14    Str: 12    XL:     6   Next: 10%
Magic:  10/12      EV: 13    Int: 13    God:
Gold:   94         SH:  0    Dex: 14    Spells: 9/13 levels left

rFire    . . .     SeeInvis .     - Unarmed
rCold    . . .     Gourm    .   (no shield)
rNeg     . . .     Faith    .   (armour unavailable)
rPois    .         Spirit   .   (helmet restricted)
rElec    .         Reflect  .   y - +2 cloak
rCorr    .         Harm     .   (no gloves)
MR       .....                  o - +0 pair of boots
Stlth    +.........             (no amulet)
HPRegen  0.17/turn              d - +4 ring of protection
MPRegen  0.13/turn              (no ring)

@: hasted, very quick
A: unfitting armour, cold-blooded, AC +6
a: no special abilities


You were on level 4 of the Dungeon.
You were hungry.

You visited 1 branch of the dungeon, and saw 4 of its levels.
You also visited: Sewer.

You collected 94 gold pieces.

Inventory:

Hand Weapons
 p - a +0 blowgun
Armour
 o - a +0 pair of boots (worn)
 y - a +2 cloak (worn)
Magical Staves
 k - an uncursed staff of cold
Jewellery
 d - a +4 ring of protection (left hand)
Wands
 h - a wand of paralysis (15)
Scrolls
 a - 5 scrolls of identify {unknown}
 e - 4 scrolls of fear {unknown}
 i - 3 scrolls of remove curse {unknown}
 j - 2 scrolls of magic mapping {unknown}
 l - 3 scrolls of amnesia {unknown}
 n - a scroll of fog {unknown}
 r - a scroll of teleportation {unknown}
Potions
 f - 3 potions of heal wounds
 g - a potion of lignification {unknown}
 m - a potion of haste
 q - a potion of agility {unknown}
Books
 b - a book of Changes

   Spells                             Type                      Level
   a - Beastly Appendage              Transmutation                1
   b - Sticks to Snakes               Transmutation                2
   c - Spider Form                    Transmutation/Poison         3
   d - Ice Form                       Ice/Transmutation            4
   e - Blade Hands                    Transmutation                5
Comestibles
 c - 6 rations


   Skills:
 - Level 3.0 Fighting
 - Level 3.0 Dodging
 - Level 3.0 Unarmed Combat
 - Level 4.2 Spellcasting
 + Level 3.0 Transmutations


You had 9 spell levels left.
You knew the following spells:

 Your Spells              Type           Power        Failure   Level  Hunger
s - Spider Form           Tmut/Pois      #.........   32%         3    ###....
z - Beastly Appendage     Tmut           ##....       6%          1    None


Dungeon Overview and Level Annotations

Branches:
Dungeon (4/15)
 Temple: D:4-7

Altars:

Annotations:
D:4 Menkaure


Innate Abilities, Weirdness & Mutations

Your plain brown scales are hard. (AC +6)
You cannot fit into any form of body armour.
You are cold-blooded and may be slowed by cold attacks.


Message History

You hit Menkaure.
Menkaure is severely damaged.
Menkaure hits you!
* * * LOW HITPOINT WARNING * * *
It was a potion of heal wounds.
You feel much better. Menkaure misses you.
Unknown command.
You hit Menkaure.
Menkaure is severely damaged.
Menkaure calls on the powers of darkness!
Your body is wracked with pain!
Menkaure hits you!
* * * LOW HITPOINT WARNING * * *
You hit Menkaure but do no damage.
Menkaure is severely damaged.
Menkaure misses you.
It was a potion of haste.
You feel yourself speed up.
Your transformation has ended.
Your +2 cloak unmelds from your body.
Your +0 pair of boots unmelds from your body.
Menkaure hits you!
You die...

########........##....
#........##.###..
#........... !...
###########.###....
#....######.......
####.##............###
#.....................
#.....................
#.............@M..#
#.......#####.....#
#.......# #.....#
##.###### ..)......
#.....# #.#####.##
#####.#### .. ...
#.....# ... ###
#.##### ...< ..#


You could see Menkaure.

Vanquished Creatures
  An ogre (D:4)
  A worker ant (D:4)
  6 adders
  5 worms
  5 dart slugs
  6 leopard geckos
  5 ball pythons
  5 bats
  10 giant cockroaches
  5 goblins
  11 hobgoblins
  13 jackals
  9 frilled lizards
  13 kobolds
  5 rats
100 creatures vanquished.

Notes
Turn   | Place    | Note
-------+----------+-------------------------------------------
     0 | D:1      | fly the Draconian Transmuter began the quest for the Orb.
     0 | D:1      | Reached XP level 1. HP: 16/16 MP: 3/3
   275 | D:1      | Reached XP level 2. HP: 18/23 MP: 5/5
   500 | D:1      | Reached XP level 3. HP: 29/29 MP: 6/6
  1189 | D:2      | Reached XP level 4. HP: 30/37 MP: 7/7
  1239 | D:2      | Found a faded altar of an unknown god.
  2154 | D:3      | Learned a level 3 spell: Spider Form
  2219 | D:3      | Reached XP level 5. HP: 41/45 MP: 4/8
  2276 | D:3      | Found a glowing drain.
  2314 | Sewer    | Entered a sewer
  2460 | Sewer    | Reached skill level 3 in Spellcasting
  3102 | D:4      | Noticed an ogre
  3130 | D:4      | Killed an ogre
  3130 | D:4      | Reached skill level 4 in Spellcasting
  3130 | D:4      | Reached XP level 6. HP: 51/51 MP: 3/12
  3209 | D:4      | Noticed Menkaure
  3224 | D:4      | Slain by Menkaure

Skill      XL: |  1  2  3  4  5 |
---------------+----------------+-----
Dodging        | 2 3 |  3.0
Fighting       | 2 3 |  3.0
Transmutations | 3 |  3.0
Spellcasting   | 4 |  4.2
Unarmed Combat | |  3.0

Action                   |  1- 3 |  4- 6 || total
-------------------------+-------+-------++-------
Melee: Unarmed           |   175 |   240 ||   415
       Tailslap          |    16 |    31 ||    47
       Kick              |     8 |    10 ||    18
       Headbutt          |     6 |     3 ||     9
       Punch             |       |     5 ||     5
 Cast: Beastly Appendage |    14 |    11 ||    25
       Spider Form       |       |     4 ||     4
  Use: Potion            |       |     2 ||     2
 Stab: Sleeping          |     1 |     2 ||     3
  Eat: Chunk             |     1 |     8 ||     9
Armor: Skin              |    65 |    76 ||   141
Dodge: Dodged            |   112 |   174 ||   286
